Workbook

Sheet Finite Life Analysis
A1: Summary of Inputs / Cost of Capital Computation
A2: Growth in Total Market = | B2: 0.04
A3: Target Market Share = | B3: 0.08 | E3: Allocated Expenses
A4: EBITDA Margin = | B4: NA | E4: Item | F4: Current Expenses | G4: Growth rate | H4: Proportion allocated
A5: Riskfree rate = | B5: 0.015 | E5: G&A | F5: 10000000 | G5: 0.05 | H5: 0.1
A6: Marginal Tax Rate = | B6: 0.25 | E6: Advertising | F6: 8000000 | G6: 0.05 | H6: -
A7: Inflation rate = | B7: 0.01
A8: Price per unit = | B8: 75000
A9: Variable cost per unit = | B9: 50000 | E9: Capacity Cost
A10: Marketing cost (Outside retail) | B10: 0.1 | E10: Unit capacity = | G10: 100
A11: Marketing cost (Google Stores) | B11: 0.05 | E11: Used by devices = | G11: 0.4
A12: Percent of units sold- outside | B12: 0.8 | E12: Growth in device sales= | G12: 0.12
E13: Cost of new capacity = | G13: 5000000 | H13: (in current $)
A14: Share Price = | B14: 2000
A15: Number of Shares Outstanding = | B15: 650 | C15: (in millions)
A16: Pre-tax cost of debt = | B16: =B5+0.6% -> 0.021 | E16: Synergy benefits
E17: Incremental revenue in year 1 = | G17: 500000
E18: After-tax operating margin = | G18: 0.4
A20: Market Value of Equity = | B20: =B14*B15 -> 1300000
A21: Market Value of Interest bearing Debt = | B21: 5000
A22: PV of Operating Leases = | B22: ='Operating Leases'!C30 -> 13853.656
A23: Total Debt outstanding = | B23: =B21+B22 -> 18853.656
A24: MV Debt/Equity Ratio = | B24: =B23/B20 -> 0.014502812
A25: MV Debt/Capital Ratio = | B25: =B23/(B23+B20) -> 0.014295487
A26: Unlevered Beta for GCar = | B26: =Beta!B76 -> 1.0410063
A27: Levered Beta for GCar = | B27: =B26*(1+(1-B6)*B24) -> 1.0523295
A28: Mature market premium | B28: 0.05
A29: Market Risk Premium = | B29: ='ERP calculation'!E10 -> 0.061129 | C29: (Includes country risk for regional exposure)
A30: Cost of Equity = | B30: =B5+B27*B29 -> 0.079327847
A31: After-tax Cost of Debt = | B31: =B16*(1-B6) -> 0.01575
A32: Cost of Capital for GCar = | B32: =B30*(1-B25)+B31*B25 -> 0.078418971
A33: Unlevered beta for Software/Devices = | B33: 1.5
A34: Levered beta for Devices | B34: =B33*(1+(1-(1-B6))*B24) -> 1.5054386
A35: Cost of equity for Devices= | B35: =B5+B34*B29 -> 0.10702595
A36: Cost of capital for Devices = | B36: =B35*(1-B25)+B31*B25 -> 0.10572112
A37: Year | B37: 0 | C37: 1 | D37: 2 | E37: 3 | F37: 4 | G37: 5 | H37: 6 | I37: 7 | J37: 8 | K37: 9 | L37: 10
A38: Total Market | B38: 5000 | C38: =B38*(1+$B$2) -> 5200 | D38: =C38*(1+$B$2) -> 5408 | E38: =D38*(1+$B$2) -> 5624.32 | F38: =E38*(1+$B$2) -> 5849.2928 | G38: =F38*(1+$B$2) -> 6083.2645 | H38: =G38*(1+$B$2) -> 6326.5951 | I38: =H38*(1+$B$2) -> 6579.6589 | J38: =I38*(1+$B$2) -> 6842.8453 | ... L38: =K38*(1+$B$2) -> 7401.2214
A39: Market Share | B39: 0 | C39: 0.02 | D39: 0.04 | E39: 0.06 | F39: 0.08 | G39: 0.1 | H39: =G39 -> 0.1 | I39: =H39 -> 0.1 | J39: =I39 -> 0.1 | K39: 0.1 | L39: 0.1
A40: Units sold | C40: =C39*C38 -> 104 | D40: =D39*D38 -> 216.32 | E40: =E39*E38 -> 337.4592 | F40: =F39*F38 -> 467.94342 | G40: =G39*G38 -> 608.32645 | H40: =H39*H38 -> 632.65951 | I40: =I39*I38 -> 657.96589 | J40: =J39*J38 -> 684.28453 | ... L40: =L39*L38 -> 740.12214
A41: - Outside retailers | C41: =$B$12*C40 -> 83.2 | D41: =$B$12*D40 -> 173.056 | E41: =$B$12*E40 -> 269.96736 | F41: =$B$12*F40 -> 374.35474 | G41: =$B$12*G40 -> 486.66116 | H41: =$B$12*H40 -> 506.12761 | I41: =$B$12*I40 -> 526.37271 | J41: =$B$12*J40 -> 547.42762 | ... L41: =$B$12*L40 -> 592.09771
A42: - Google Stores | C42: =C40-C41 -> 20.8 | D42: =D40-D41 -> 43.264 | E42: =E40-E41 -> 67.49184 | F42: =F40-F41 -> 93.588685 | G42: =G40-G41 -> 121.66529 | H42: =H40-H41 -> 126.5319 | I42: =I40-I41 -> 131.59318 | J42: =J40-J41 -> 136.85691 | ... L42: =L40-L41 -> 148.02443
A43: Price per unit | C43: =B8 -> 75000 | D43: =C43*(1+$B$7) -> 75750 | E43: =D43*(1+$B$7) -> 76507.5 | F43: =E43*(1+$B$7) -> 77272.575 | G43: =F43*(1+$B$7) -> 78045.301 | H43: =G43*(1+$B$7) -> 78825.754 | I43: =H43*(1+$B$7) -> 79614.011 | J43: =I43*(1+$B$7) -> 80410.151 | K43: =J43*(1+$B$7) -> 81214.253 | L43: =K43*(1+$B$7) -> 82026.395
A44: Variable cost per unit | C44: =B9 -> 50000 | D44: =C44*(1+$B$7) -> 50500 | E44: =D44*(1+$B$7) -> 51005 | F44: =E44*(1+$B$7) -> 51515.05 | G44: =F44*(1+$B$7) -> 52030.201 | H44: =G44*(1+$B$7) -> 52550.503 | I44: =H44*(1+$B$7) -> 53076.008 | J44: =I44*(1+$B$7) -> 53606.768 | K44: =J44*(1+$B$7) -> 54142.835 | L44: =K44*(1+$B$7) -> 54684.264
A45: Marketing cost per unit (retail) | C45: =$B$10*C43 -> 7500 | D45: =$B$10*D43 -> 7575 | E45: =$B$10*E43 -> 7650.75 | F45: =$B$10*F43 -> 7727.2575 | G45: =$B$10*G43 -> 7804.5301 | H45: =$B$10*H43 -> 7882.5754 | I45: =$B$10*I43 -> 7961.4011 | J45: =$B$10*J43 -> 8041.0151 | ... L45: =$B$10*L43 -> 8202.6395
A46: Marketing cost per unit (Google) | C46: =$B$11*C43 -> 3750 | D46: =$B$11*D43 -> 3787.5 | E46: =$B$11*E43 -> 3825.375 | F46: =$B$11*F43 -> 3863.6287 | G46: =$B$11*G43 -> 3902.265 | H46: =$B$11*H43 -> 3941.2877 | I46: =$B$11*I43 -> 3980.7006 | J46: =$B$11*J43 -> 4020.5076 | ... L46: =$B$11*L43 -> 4101.3198
A48: Revenues | C48: =C40*C43 -> 7800000 | D48: =D40*D43 -> 16386240 | E48: =E40*E43 -> 25818160 | F48: =F40*F43 -> 36159193 | G48: =G40*G43 -> 47477021 | H48: =H40*H43 -> 49869863 | I48: =I40*I43 -> 52383304 | J48: =J40*J43 -> 55023422 | ... L48: =L40*L43 -> 60709552
A49: - Production Costs | C49: =C40*C44 -> 5200000 | D49: =D40*D44 -> 10924160 | E49: =E40*E44 -> 17212106 | F49: =F40*F44 -> 24106129 | G49: =G40*G44 -> 31651347 | H49: =H40*H44 -> 33246575 | I49: =I40*I44 -> 34922203 | J49: =J40*J44 -> 36682282 | ... L49: =L40*L44 -> 40473034
A50: - Marketing Costs (Retail stores) | C50: =C41*C45 -> 624000 | D50: =D41*D45 -> 1310899.2 | E50: =E41*E45 -> 2065452.8 | F50: =F41*F45 -> 2892735.5 | G50: =G41*G45 -> 3798161.7 | H50: =H41*H45 -> 3989589 | I50: =I41*I45 -> 4190664.3 | J50: =J41*J45 -> 4401873.8 | ... L50: =L41*L45 -> 4856764.1
A51: - Marketing Costs (Google stores) | C51: =C42*C46 -> 78000 | D51: =D42*D46 -> 163862.4 | E51: =E42*E46 -> 258181.6 | F51: =F42*F46 -> 361591.93 | G51: =G42*G46 -> 474770.21 | H51: =H42*H46 -> 498698.63 | I51: =I42*I46 -> 523833.04 | J51: =J42*J46 -> 550234.22 | ... L51: =L42*L46 -> 607095.52
A52: - Deprec'n (including capacity) | C52: =C78+C98 -> 2500000 | D52: =D78+D98 -> 2500000 | E52: =E78+E98 -> 2500000 | F52: =F78+F98 -> 2757575.2 | G52: =G78+G98 -> 2757575.2 | H52: =H78+H98 -> 2757575.2 | I52: =I78+I98 -> 2757575.2 | J52: =J78+J98 -> 2757575.2 | ... L52: =L78+L98 -> 2486861.1
A53: - Allocated G&A | C53: =C83+C84 -> 1550000 | D53: =D83+D84 -> 2152900 | E53: =E83+E84 -> 2812635.2 | F53: =F83+F84 -> 3533403.3 | G53: =G83+G84 -> 4319680.3 | H53: =H83+H84 -> 4536881.7 | I53: =I83+I84 -> 4765004.5 | J53: =J83+J84 -> 5004597.9 | ... L53: =L83+L84 -> 5520532.5
A54: - Advertising Exp. | C54: =C89 -> 1260000 | D54: =D89 -> 1323000 | E54: =E89 -> 1389150 | F54: =F89 -> 1458607.5 | G54: =G89 -> 1531537.9 | H54: =H89 -> 1608114.8 | I54: =I89 -> 1688520.5 | J54: =J89 -> 1772946.5 | ... L54: =L89 -> 1954673.6
A55: Operating Profit | C55: =C48-SUM(C49:C54) -> -3412000 | D55: =D48-SUM(D49:D54) -> -1988581.6 | E55: =E48-SUM(E49:E54) -> -419366.37 | F55: =F48-SUM(F49:F54) -> 1049151 | G55: =G48-SUM(G49:G54) -> 2943948.3 | H55: =H48-SUM(H49:H54) -> 3232428.2 | I55: =I48-SUM(I49:I54) -> 3535503.6 | J55: =J48-SUM(J49:J54) -> 3853913.1 | ... L55: =L48-SUM(L49:L54) -> 4810590.4
A56: Taxes | C56: =$B$6*C55 -> -853000 | D56: =$B$6*D55 -> -497145.4 | E56: =$B$6*E55 -> -104841.59 | F56: =$B$6*F55 -> 262287.76 | G56: =$B$6*G55 -> 735987.07 | H56: =$B$6*H55 -> 808107.05 | I56: =$B$6*I55 -> 883875.91 | J56: =$B$6*J55 -> 963478.27 | ... L56: =$B$6*L55 -> 1202647.6
A57: EBIT(1-t) | C57: =C55-C56 -> -2559000 | D57: =D55-D56 -> -1491436.2 | E57: =E55-E56 -> -314524.78 | F57: =F55-F56 -> 786863.28 | G57: =G55-G56 -> 2207961.2 | H57: =H55-H56 -> 2424321.1 | I57: =I55-I56 -> 2651627.7 | J57: =J55-J56 -> 2890434.8 | ... L57: =L55-L56 -> 3607942.8
A58: + Deprec'n | C58: =C52 -> 2500000 | D58: =D52 -> 2500000 | E58: =E52 -> 2500000 | F58: =F52 -> 2757575.2 | G58: =G52 -> 2757575.2 | H58: =H52 -> 2757575.2 | I58: =I52 -> 2757575.2 | J58: =J52 -> 2757575.2 | ... L58: =L52 -> 2486861.1
A59: + Fixed Allocated Exp (1-t) | C59: =(C53-C84)*(1-$B$6) -> 787500 | D59: =(D53-D84)*(1-$B$6) -> 826875 | E59: =(E53-E84)*(1-$B$6) -> 868218.75 | F59: =(F53-F84)*(1-$B$6) -> 911629.69 | G59: =(G53-G84)*(1-$B$6) -> 957211.17 | H59: =(H53-H84)*(1-$B$6) -> 1005071.7 | I59: =(I53-I84)*(1-$B$6) -> 1055325.3 | J59: =(J53-J84)*(1-$B$6) -> 1108091.6 | ... L59: =(L53-L84)*(1-$B$6) -> 1221671
A60: - Cap Ex | B60: =B74+B75 -> 27000000 | D60: =D74 -> 0 | E60: =E74 -> 0 | F60: =F74 -> 0 | G60: =G74 -> 0 | H60: =H74 -> 0 | I60: =I74 -> 0 | J60: =J74 -> 0 | K60: =K74 -> 0 | L60: =L74 -> 0
A61: - Opp. Cost of Capacity | E61: =E96 -> 5151505 | G61: =G96 -> 0 | H61: =H96 -> 0 | J61: =-J96 -> -5414283.5 | K61: =-K96 -> 0 | L61: =-L96 -> 0
A62: - Chg in WC | B62: =C71 -> 598000 | C62: =D71 -> 658278.4 | D62: =E71 -> 723113.85 | E62: =F71 -> 792812.57 | F62: =G71 -> 867700.11 | G62: =H71 -> 183451.21 | H62: =I71 -> 192697.15 | I62: =J71 -> 202409.09 | ... K62: =L71 -> 223326.07 | L62: =-L70 -> -4654399
A63: + Salvage Value | L63: =L79 -> 2000000
A64: After-tax Cashflow | B64: =B57+B58+B59-B60-B61-B62 -> -27598000 | C64: =C57+C58+C59-C60-C61-C62 -> 70221.6 | D64: =D57+D58+D59-D60-D61-D62 -> 1112325 | E64: =E57+E58+E59-E60-E61-E62 -> -2890623.6 | F64: =F57+F58+F59-F60-F61-F62 -> 3588368.1 | G64: =G57+G58+G59-G60-G61-G62 -> 5739296.4 | H64: =H57+H58+H59-H60-H61-H62 -> 5994271 | I64: =I57+I58+I59-I60-I61-I62 -> 6262119.2 | ... K64: =K57+K58+K59-K60-K61-K62 -> 6771391 | L64: =L57+L58+L59-L60-L61-L62+L63 -> 13970874
A66: Working Capital Worksheet
A67: Inventory | C67: =0.1*C49 -> 520000 | D67: =0.1*D49 -> 1092416 | E67: =0.1*E49 -> 1721210.6 | F67: =0.1*F49 -> 2410612.9 | G67: =0.1*G49 -> 3165134.7 | H67: =0.1*H49 -> 3324657.5 | I67: =0.1*I49 -> 3492220.3 | J67: =0.1*J49 -> 3668228.2 | ... L67: =0.1*L49 -> 4047303.4
A68: Accounts Rec | C68: =0.05*C48 -> 390000 | D68: =0.05*D48 -> 819312 | E68: =0.05*E48 -> 1290908 | F68: =0.05*F48 -> 1807959.7 | G68: =0.05*G48 -> 2373851 | H68: =0.05*H48 -> 2493493.1 | I68: =0.05*I48 -> 2619165.2 | J68: =0.05*J48 -> 2751171.1 | ... L68: =0.05*L48 -> 3035477.6
A69: - Acc Payable | C69: =0.06*C49 -> 312000 | D69: =0.06*D49 -> 655449.6 | E69: =0.06*E49 -> 1032726.4 | F69: =0.06*F49 -> 1446367.7 | G69: =0.06*G49 -> 1899080.8 | H69: =0.06*H49 -> 1994794.5 | I69: =0.06*I49 -> 2095332.2 | J69: =0.06*J49 -> 2200936.9 | ... L69: =0.06*L49 -> 2428382.1
A70: Working Capital | C70: =C67+C68-C69 -> 598000 | D70: =D67+D68-D69 -> 1256278.4 | E70: =E67+E68-E69 -> 1979392.2 | F70: =F67+F68-F69 -> 2772204.8 | G70: =G67+G68-G69 -> 3639904.9 | H70: =H67+H68-H69 -> 3823356.1 | I70: =I67+I68-I69 -> 4016053.3 | J70: =J67+J68-J69 -> 4218462.4 | ... L70: =L67+L68-L69 -> 4654399
A71: Chg in WC | C71: =C70-B70 -> 598000 | D71: =D70-C70 -> 658278.4 | E71: =E70-D70 -> 723113.85 | F71: =F70-E70 -> 792812.57 | G71: =G70-F70 -> 867700.11 | H71: =H70-G70 -> 183451.21 | I71: =I70-H70 -> 192697.15 | J71: =J70-I70 -> 202409.09 | ... L71: =L70-K70 -> 223326.07
A73: Capital Expenditure Worksheet
A74: Investment: Infrastructure | B74: 22000000 | C74: 0 | D74: 0
A75: Investment: Stores | B75: 5000000
A76: BV: Beg | C76: =B74+B75 -> 27000000 | D76: =C76-C78 -> 24500000 | E76: =D76-D78 -> 22000000 | F76: =E79 -> 19500000 | G76: =F79 -> 17000000 | H76: =G79 -> 14500000 | I76: =H79 -> 12000000 | J76: =I79 -> 9500000 | K76: =J79 -> 7000000 | L76: =K79 -> 4500000
A77: Depreciable BV | C77: =C76-2000000 -> 25000000 | D77: =C77-C78 -> 22500000 | E77: =D77-D78 -> 20000000 | F77: =E77-E78 -> 17500000 | G77: =F77-F78 -> 15000000 | H77: =G77-G78 -> 12500000 | I77: =H77-H78 -> 10000000 | J77: =I77-I78 -> 7500000 | K77: =J77-J78 -> 5000000 | L77: =K77-K78 -> 2500000
A78: STL Deprecn | C78: =C77/10 -> 2500000 | D78: =C78 -> 2500000 | E78: =D78 -> 2500000 | F78: =E78 -> 2500000 | G78: =F78 -> 2500000 | H78: =G78 -> 2500000 | I78: =H78 -> 2500000 | J78: =I78 -> 2500000 | K78: =J78 -> 2500000 | L78: =K78 -> 2500000
A79: BV: End | B79: =B74+B75 -> 27000000 | C79: =C76-C78 -> 24500000 | D79: =D76-D78 -> 22000000 | E79: =E76-E78 -> 19500000 | F79: =F76-F78 -> 17000000 | G79: =G76-G78 -> 14500000 | H79: =H76-H78 -> 12000000 | I79: =I76-I78 -> 9500000 | J79: =J76-J78 -> 7000000 | ... L79: =L76-L78 -> 2000000
A81: Allocated Expenses Worksheet
A82: Total Corporate G&A | B82: =F5 -> 10000000 | C82: =B82*(1+$G$5) -> 10500000 | D82: =C82*(1+$G$5) -> 11025000 | E82: =D82*(1+$G$5) -> 11576250 | F82: =E82*(1+$G$5) -> 12155062 | G82: =F82*(1+$G$5) -> 12762816 | H82: =G82*(1+$G$5) -> 13400956 | I82: =H82*(1+$G$5) -> 14071004 | J82: =I82*(1+$G$5) -> 14774554 | ... L82: =K82*(1+$G$5) -> 16288946
A83: Allocated Corporate G&A | C83: =C82*$H$5 -> 1050000 | D83: =D82*$H$5 -> 1102500 | E83: =E82*$H$5 -> 1157625 | F83: =F82*$H$5 -> 1215506.2 | G83: =G82*$H$5 -> 1276281.6 | H83: =H82*$H$5 -> 1340095.6 | I83: =I82*$H$5 -> 1407100.4 | J83: =J82*$H$5 -> 1477455.4 | ... L83: =L82*$H$5 -> 1628894.6
A84: Divisional G&A | C84: =500000 -> 500000 | D84: =C84*(D48/C48) -> 1050400 | E84: =D84*(E48/D48) -> 1655010.2 | F84: =E84*(F48/E48) -> 2317897 | G84: =F84*(G48/F48) -> 3043398.8 | H84: =G84*(H48/G48) -> 3196786.1 | I84: =H84*(I48/H48) -> 3357904.1 | J84: =I84*(J48/I48) -> 3527142.5 | K84: =J84*(K48/J48) -> 3704910.4 | L84: =K84*(L48/K48) -> 3891637.9
A86: Adverstising Expense Worksheet
A87: Without Apparel | B87: =F6 -> 8000000 | C87: =B87*1.05 -> 8400000 | D87: =C87*1.05 -> 8820000 | E87: =D87*1.05 -> 9261000 | F87: =E87*1.05 -> 9724050 | G87: =F87*1.05 -> 10210252 | H87: =G87*1.05 -> 10720765 | I87: =H87*1.05 -> 11256803 | J87: =I87*1.05 -> 11819644 | ... L87: =K87*1.05 -> 13031157
A88: With Apparel | B88: =B87 -> 8000000 | C88: =C87*1.15 -> 9660000 | D88: =D87*1.15 -> 10143000 | E88: =E87*1.15 -> 10650150 | F88: =F87*1.15 -> 11182658 | G88: =G87*1.15 -> 11741790 | H88: =H87*1.15 -> 12328880 | I88: =I87*1.15 -> 12945324 | J88: =J87*1.15 -> 13592590 | ... L88: =L87*1.15 -> 14985831
A89: Incremental Advertising cost | C89: =C88-C87 -> 1260000 | D89: =D88-D87 -> 1323000 | E89: =E88-E87 -> 1389150 | F89: =F88-F87 -> 1458607.5 | G89: =G88-G87 -> 1531537.9 | H89: =H88-H87 -> 1608114.8 | I89: =I88-I87 -> 1688520.5 | J89: =J88-J87 -> 1772946.5 | ... L89: =L88-L87 -> 1954673.6
A91: Distribution System Worksheet
A92: Capacity used by Devices | B92: 0.4 | C92: =B92*(1+$G$12) -> 0.448 | D92: =C92*(1+$G$12) -> 0.50176 | E92: =D92*(1+$G$12) -> 0.5619712 | F92: =E92*(1+$G$12) -> 0.62940774 | G92: =F92*(1+$G$12) -> 0.70493667 | H92: =G92*(1+$G$12) -> 0.78952907 | I92: =H92*(1+$G$12) -> 0.88427256 | J92: =I92*(1+$G$12) -> 0.99038527 | ... L92: =K92*(1+$G$12) -> 1.2423393
A93: Capacity used by GCar | C93: =(C40/10)/$G$10 -> 0.104 | D93: =(D40/10)/$G$10 -> 0.21632 | E93: =(E40/10)/$G$10 -> 0.3374592 | F93: =(F40/10)/$G$10 -> 0.46794342 | G93: =(G40/10)/$G$10 -> 0.60832645 | H93: =(H40/10)/$G$10 -> 0.63265951 | I93: =(I40/10)/$G$10 -> 0.65796589 | J93: =(J40/10)/$G$10 -> 0.68428453 | ... L93: =(L40/10)/$G$10 -> 0.74012214
A94: Total capacity used | B94: =B92+B93 -> 0.4 | C94: =C92+C93 -> 0.552 | D94: =D92+D93 -> 0.71808 | E94: =E92+E93 -> 0.8994304 | F94: =F92+F93 -> 1.0973512 | G94: =G92+G93 -> 1.3132631 | H94: =H92+H93 -> 1.4221886 | I94: =I92+I93 -> 1.5422385 | ... L94: =L92+L93 -> 1.9824614
A96: Expansion Investment | E96: =G13*(1+B7)^E37 -> 5151505 | J96: =G13*(1+B7)^J37 -> 5414283.5
A97: Depreciation on Capacity expansion
A98: Depreciation on Expansion (STL: 20 year life; Salvage=0) | F98: =E96/20 -> 257575.25 | G98: =F98 -> 257575.25 | H98: =G98 -> 257575.25 | I98: =H98 -> 257575.25 | J98: =E96/20 -> 257575.25 | K98: =E96/20-J96/20 -> -13138.926 | L98: =K98 -> -13138.926
A99: Remaining Balance | F99: =E96-F98 -> 4893929.8 | G99: =F99-G98 -> 4636354.5 | H99: =G99-H98 -> 4378779.2 | I99: =H99-I98 -> 4121204 | J99: =I99-J98 -> 3863628.8 | K99: =J99-K98 -> 3876767.7 | L99: =K99-L98 -> 3889906.6
A100: Accounting Return Computation
A101: After-tax Operating Income | C101: =C57 -> -2559000 | D101: =D57 -> -1491436.2 | E101: =E57 -> -314524.78 | F101: =F57 -> 786863.28 | G101: =G57 -> 2207961.2 | H101: =H57 -> 2424321.1 | I101: =I57 -> 2651627.7 | J101: =J57 -> 2890434.8 | ... L101: =L57 -> 3607942.8
A102: Avge. BV of Investment | C102: =(C76+C79)/2+0.2*C99+(C70+D70)/2 -> 26677139 | D102: =(D76+D79)/2+0.2*D99+(D70+E70)/2 -> 24867835 | E102: =(E76+E79)/2+0.2*E99+(E70+F70)/2 -> 23125799 | F102: =(F76+F79)/2+0.2*F99+(F70+G70)/2 -> 22434841 | G102: =(G76+G79)/2+0.2*G99+(G70+H70)/2 -> 20408901 | H102: =(H76+H79)/2+0.2*H99+(H70+I70)/2 -> 18045461 | I102: =(I76+I79)/2+0.2*I99+(I70+J70)/2 -> 15691499 | J102: =(J76+J79)/2+0.2*J99+(J70+K70)/2 -> 13347493 | K102: =(K76+K79)/2+0.2*K99+(K70+L70)/2 -> 11068089 | L102: =(L76+L79)/2+(L70+0)/2 -> 5577199.5
A103: Return on Capital | C103: =C101/C102 -> -0.095924828 | D103: =D101/D102 -> -0.059974508 | E103: =E101/E102 -> -0.013600602 | F103: =F101/F102 -> 0.035073272 | G103: =G101/G102 -> 0.10818619 | H103: =H101/H102 -> 0.13434521 | I103: =I101/I102 -> 0.16898499 | J103: =J101/J102 -> 0.21655263 | ... L103: =L101/L102 -> 0.6469094
A104: (I allocated 20% of the book value of distribution expansion to this project each year)
A105: Average ROC = | B105: =AVERAGE(C103:L103) -> 0.14427141
A107: Time Weighted Return Computation
A108: Cost of Capital = | B108: =B32 -> 0.078418971
A110: Value of side-benefit (synergy) for iDevices
...

Sheet Longer Life Analysis
A1: Summary of Inputs / Cost of Capital Computation
A2: Growth in Total Market = | B2: ='Finite Life Analysis'!B2 -> 0.04
A3: Target Market Share = | B3: ='Finite Life Analysis'!B3 -> 0.08 | E3: Allocated Expenses
A4: EBITDA Margin = | B4: NA | E4: Item | F4: Current Expenses | G4: Growth rate | H4: Proportion allocated
A5: Riskfree rate = | B5: ='Finite Life Analysis'!B5 -> 0.015 | E5: G&A | F5: ='Finite Life Analysis'!F5 -> 10000000 | G5: 0.05 | H5: 0.1
A6: Marginal Tax Rate = | B6: ='Finite Life Analysis'!B6 -> 0.25 | E6: Advertising | F6: ='Finite Life Analysis'!F6 -> 8000000 | G6: 0.05 | H6: -
A7: Inflation rate = | B7: ='Finite Life Analysis'!B7 -> 0.01
A8: Price per unit = | B8: ='Finite Life Analysis'!B8 -> 75000
A9: Variable cost per unit = | B9: ='Finite Life Analysis'!B9 -> 50000 | E9: Capacity Cost
A10: Marketing cost (Outside retail) | B10: ='Finite Life Analysis'!B10 -> 0.1 | E10: Unit capacity = | G10: ='Finite Life Analysis'!G10 -> 100
A11: Marketing cost (Google Stores) | B11: ='Finite Life Analysis'!B11 -> 0.05 | E11: Used by devices = | G11: ='Finite Life Analysis'!G11 -> 0.4
A12: Percent of units sold- outside | B12: ='Finite Life Analysis'!B12 -> 0.8 | E12: Growth in device market = | G12: ='Finite Life Analysis'!G12 -> 0.12
E13: Cost of new capacity = | G13: ='Finite Life Analysis'!G13 -> 5000000 | H13: (in current $)
A14: Share Price = | B14: ='Finite Life Analysis'!B14 -> 2000
A15: Number of Shares Outstanding = | B15: ='Finite Life Analysis'!B15 -> 650 | C15: (in 000s)
A16: Pre-tax cost of debt = | B16: ='Finite Life Analysis'!B16 -> 0.021 | E16: Synergy benefits
A17: Interest expense | B17: ='Finite Life Analysis'!B17 -> 0 | E17: Incremental revenue in year 1 = | G17: ='Finite Life Analysis'!G17 -> 500000
A18: Book Value of Debt = | B18: ='Finite Life Analysis'!B18 -> 0 | E18: After-tax operating margin = | G18: ='Finite Life Analysis'!G18 -> 0.4
A19: Average Maturity of Debt = | B19: ='Finite Life Analysis'!B19 -> 0
A20: Market Value of Equity = | B20: =B14*B15 -> 1300000
A21: Market Value of Interest bearing Debt = | B21: =B17*(1-(1+B16)^-B19)/B16+B18/(1+B16)^B19 -> 0
A22: PV of Operating Leases = | B22: ='Operating Leases'!C30 -> 13853.656
A23: Total Debt outstanding = | B23: =B21+B22 -> 13853.656
A24: MV Debt/Equity Ratio = | B24: =B23/B20 -> 0.010656658
A25: MV Debt/Capital Ratio = | B25: =B23/(B23+B20) -> 0.010544291
A26: Unlevered Beta for Business = | B26: =Beta!B76 -> 1.0410063
A27: Levered Beta = | B27: =B26*(1+(1-B6)*B24) -> 1.0493265
A28: Mature market premium | B28: ='Finite Life Analysis'!B28 -> 0.05
A29: Market Risk Premium = | B29: ='Finite Life Analysis'!B29 -> 0.061129
A30: Cost of Equity = | B30: =B5+B27*B29 -> 0.079144283
A31: After-tax Cost of Debt = | B31: =B16*(1-B6) -> 0.01575
A32: Cost of Capital = | B32: =B30*(1-B25)+B31*B25 -> 0.078475835
A33: ='Finite Life Analysis'!A33 -> Unlevered beta for Software/Devices = | B33: ='Finite Life Analysis'!B33 -> 1.5
A34: ='Finite Life Analysis'!A34 -> Levered beta for Devices | B34: ='Finite Life Analysis'!B34 -> 1.5054386
A35: ='Finite Life Analysis'!A35 -> Cost of equity for Devices= | B35: ='Finite Life Analysis'!B35 -> 0.10702595
A36: ='Finite Life Analysis'!A36 -> Cost of capital for Devices = | B36: ='Finite Life Analysis'!B36 -> 0.10572112
A37: Year | B37: 0 | C37: 1 | D37: 2 | E37: 3 | F37: 4 | G37: 5 | H37: 6 | I37: 7 | J37: 8 | K37: 9 | L37: 10 | M37: Terminal year
A38: Total Market | B38: ='Finite Life Analysis'!B38 -> 5000 | C38: =B38*(1+$B$2) -> 5200 | D38: =C38*(1+$B$2) -> 5408 | E38: =D38*(1+$B$2) -> 5624.32 | F38: =E38*(1+$B$2) -> 5849.2928 | G38: =F38*(1+$B$2) -> 6083.2645 | H38: =G38*(1+$B$2) -> 6326.5951 | I38: =H38*(1+$B$2) -> 6579.6589 | J38: =I38*(1+$B$2) -> 6842.8453 | ... L38: =K38*(1+$B$2) -> 7401.2214 | M38: =L38*(1+B7) -> 7475.2336
A39: Market Share | B39: 0 | C39: ='Finite Life Analysis'!C39 -> 0.02 | D39: ='Finite Life Analysis'!D39 -> 0.04 | E39: ='Finite Life Analysis'!E39 -> 0.06 | F39: ='Finite Life Analysis'!F39 -> 0.08 | G39: ='Finite Life Analysis'!G39 -> 0.1 | H39: ='Finite Life Analysis'!H39 -> 0.1 | I39: ='Finite Life Analysis'!I39 -> 0.1 | J39: ='Finite Life Analysis'!J39 -> 0.1 | ... L39: ='Finite Life Analysis'!L39 -> 0.1 | M39: =L39 -> 0.1
A40: Units sold | C40: =C39*C38 -> 104 | D40: =D39*D38 -> 216.32 | E40: =E39*E38 -> 337.4592 | F40: =F39*F38 -> 467.94342 | G40: =G39*G38 -> 608.32645 | H40: =H39*H38 -> 632.65951 | I40: =I39*I38 -> 657.96589 | J40: =J39*J38 -> 684.28453 | ... M40: =M39*M38 -> 747.52336
A41: - Outside retailers | C41: =$B$12*C40 -> 83.2 | D41: =$B$12*D40 -> 173.056 | E41: =$B$12*E40 -> 269.96736 | F41: =$B$12*F40 -> 374.35474 | G41: =$B$12*G40 -> 486.66116 | H41: =$B$12*H40 -> 506.12761 | I41: =$B$12*I40 -> 526.37271 | J41: =$B$12*J40 -> 547.42762 | ... M41: =$B$12*M40 -> 598.01869
A42: - Google Stores | C42: =C40-C41 -> 20.8 | D42: =D40-D41 -> 43.264 | E42: =E40-E41 -> 67.49184 | F42: =F40-F41 -> 93.588685 | G42: =G40-G41 -> 121.66529 | H42: =H40-H41 -> 126.5319 | I42: =I40-I41 -> 131.59318 | J42: =J40-J41 -> 136.85691 | ... M42: =M40-M41 -> 149.50467
A43: Price per unit | C43: ='Finite Life Analysis'!C43 -> 75000 | D43: =C43*(1+$B$7) -> 75750 | E43: =D43*(1+$B$7) -> 76507.5 | F43: =E43*(1+$B$7) -> 77272.575 | G43: =F43*(1+$B$7) -> 78045.301 | H43: =G43*(1+$B$7) -> 78825.754 | I43: =H43*(1+$B$7) -> 79614.011 | J43: =I43*(1+$B$7) -> 80410.151 | K43: =J43*(1+$B$7) -> 81214.253 | ... M43: =L43*(1+$B$7) -> 82846.659
A44: Variable cost per unit | C44: ='Finite Life Analysis'!C44 -> 50000 | D44: =C44*(1+$B$7) -> 50500 | E44: =D44*(1+$B$7) -> 51005 | F44: =E44*(1+$B$7) -> 51515.05 | G44: =F44*(1+$B$7) -> 52030.201 | H44: =G44*(1+$B$7) -> 52550.503 | I44: =H44*(1+$B$7) -> 53076.008 | J44: =I44*(1+$B$7) -> 53606.768 | K44: =J44*(1+$B$7) -> 54142.835 | ... M44: =L44*(1+$B$7) -> 55231.106
A45: Marketing cost per unit (retail) | C45: =$B$10*C43 -> 7500 | D45: =$B$10*D43 -> 7575 | E45: =$B$10*E43 -> 7650.75 | F45: =$B$10*F43 -> 7727.2575 | G45: =$B$10*G43 -> 7804.5301 | H45: =$B$10*H43 -> 7882.5754 | I45: =$B$10*I43 -> 7961.4011 | J45: =$B$10*J43 -> 8041.0151 | ... M45: =$B$10*M43 -> 8284.6659
A46: Marketing cost per unit (Google) | C46: =$B$11*C43 -> 3750 | D46: =$B$11*D43 -> 3787.5 | E46: =$B$11*E43 -> 3825.375 | F46: =$B$11*F43 -> 3863.6287 | G46: =$B$11*G43 -> 3902.265 | H46: =$B$11*H43 -> 3941.2877 | I46: =$B$11*I43 -> 3980.7006 | J46: =$B$11*J43 -> 4020.5076 | ... M46: =$B$11*M43 -> 4142.333
A48: Revenues | C48: =C40*C43 -> 7800000 | D48: =D40*D43 -> 16386240 | E48: =E40*E43 -> 25818160 | F48: =F40*F43 -> 36159193 | G48: =G40*G43 -> 47477021 | H48: =H40*H43 -> 49869863 | I48: =I40*I43 -> 52383304 | J48: =J40*J43 -> 55023422 | ... M48: =M40*M43 -> 61929814
A49: - Production Costs | C49: =C40*C44 -> 5200000 | D49: =D40*D44 -> 10924160 | E49: =E40*E44 -> 17212106 | F49: =F40*F44 -> 24106129 | G49: =G40*G44 -> 31651347 | H49: =H40*H44 -> 33246575 | I49: =I40*I44 -> 34922203 | J49: =J40*J44 -> 36682282 | ... M49: =M40*M44 -> 41286542
A50: - Marketing Costs (Retail stores) | C50: =C41*C45 -> 624000 | D50: =D41*D45 -> 1310899.2 | E50: =E41*E45 -> 2065452.8 | F50: =F41*F45 -> 2892735.5 | G50: =G41*G45 -> 3798161.7 | H50: =H41*H45 -> 3989589 | I50: =I41*I45 -> 4190664.3 | J50: =J41*J45 -> 4401873.8 | ... M50: =M41*M45 -> 4954385.1
A51: - Marketing Costs (Google stores) | C51: =C42*C46 -> 78000 | D51: =D42*D46 -> 163862.4 | E51: =E42*E46 -> 258181.6 | F51: =F42*F46 -> 361591.93 | G51: =G42*G46 -> 474770.21 | H51: =H42*H46 -> 498698.63 | I51: =I42*I46 -> 523833.04 | J51: =J42*J46 -> 550234.22 | ... M51: =M42*M46 -> 619298.14
A52: - Deprec'n (including capacity) | C52: =C80+C100 -> 2500000 | D52: =D80+D100 -> 2401500 | E52: =E80+E100 -> 2332833.9 | F52: =F80+F100 -> 2549407.5 | G52: =G80+G100 -> 2534864.3 | H52: =H80+H100 -> 2546480.8 | I52: =I80+I100 -> 2560562.2 | J52: =J80+J100 -> 2577174.8 | ... L52: =L80+L100 -> 2347591.4 | M52: =L52*(1+$B$7) -> 2371067.3
A53: - Allocated G&A | C53: =C85+C86 -> 1550000 | D53: =D85+D86 -> 2152900 | E53: =E85+E86 -> 2812635.2 | F53: =F85+F86 -> 3533403.3 | G53: =G85+G86 -> 4319680.3 | H53: =H85+H86 -> 4536881.7 | I53: =I85+I86 -> 4765004.5 | J53: =J85+J86 -> 5004597.9 | ... L53: =L85+L86 -> 5520532.5 | M53: =L53*(1+$B$7) -> 5575737.9
A54: - Advertising Exp. | C54: =C91 -> 1260000 | D54: =D91 -> 1323000 | E54: =E91 -> 1389150 | F54: =F91 -> 1458607.5 | G54: =G91 -> 1531537.9 | H54: =H91 -> 1608114.8 | I54: =I91 -> 1688520.5 | J54: =J91 -> 1772946.5 | ... L54: =L91 -> 1954673.6 | M54: =L54*(1+$B$7) -> 1974220.3
A55: Operating Profit | C55: =C48-SUM(C49:C54) -> -3412000 | D55: =D48-SUM(D49:D54) -> -1890081.6 | E55: =E48-SUM(E49:E54) -> -252200.28 | F55: =F48-SUM(F49:F54) -> 1257318.8 | G55: =G48-SUM(G49:G54) -> 3166659.2 | H55: =H48-SUM(H49:H54) -> 3443522.7 | I55: =I48-SUM(I49:I54) -> 3732516.7 | J55: =J48-SUM(J49:J54) -> 4034313.5 | ... M55: =M48-SUM(M49:M54) -> 5148562.5
A56: Taxes | C56: =$B$6*C55 -> -853000 | D56: =$B$6*D55 -> -472520.4 | E56: =$B$6*E55 -> -63050.07 | F56: =$B$6*F55 -> 314329.71 | G56: =$B$6*G55 -> 791664.8 | H56: =$B$6*H55 -> 860880.67 | I56: =$B$6*I55 -> 933129.18 | J56: =$B$6*J55 -> 1008578.4 | ... M56: =$B$6*M55 -> 1287140.6
A57: EBIT(1-t) | C57: =C55-C56 -> -2559000 | D57: =D55-D56 -> -1417561.2 | E57: =E55-E56 -> -189150.21 | F57: =F55-F56 -> 942989.12 | G57: =G55-G56 -> 2374994.4 | H57: =H55-H56 -> 2582642 | I57: =I55-I56 -> 2799387.6 | J57: =J55-J56 -> 3025735.1 | ... M57: =M55-M56 -> 3861421.9
A58: + Deprec'n | C58: =C52 -> 2500000 | D58: =D52 -> 2401500 | E58: =E52 -> 2332833.9 | F58: =F52 -> 2549407.5 | G58: =G52 -> 2534864.3 | H58: =H52 -> 2546480.8 | I58: =I52 -> 2560562.2 | J58: =J52 -> 2577174.8 | ... M58: =M52 -> 2371067.3
A59: + Fixed Allocated Exp (1-t) | C59: =(C53-C86)*(1-$B$6) -> 787500 | D59: =(D53-D86)*(1-$B$6) -> 826875 | E59: =(E53-E86)*(1-$B$6) -> 868218.75 | F59: =(F53-F86)*(1-$B$6) -> 911629.69 | G59: =(G53-G86)*(1-$B$6) -> 957211.17 | H59: =(H53-H86)*(1-$B$6) -> 1005071.7 | I59: =(I53-I86)*(1-$B$6) -> 1055325.3 | J59: =(J53-J86)*(1-$B$6) -> 1108091.6 | ... L59: =(L53-L86)*(1-$B$6) -> 1221671 | M59: =L59*(1+B7) -> 1233887.7
A60: - Cap Ex | B60: =B74+B75 -> 27000000 | C60: =C77 -> 1515000 | D60: =D77 -> 1714839.1 | E60: =E77 -> 1922816.9 | F60: =F77 -> 2146400.8 | G60: =G77 -> 2393453.7 | H60: =H77 -> 2429719.3 | I60: =I77 -> 2469113.7 | J60: =J77 -> 2511794 | ... L60: =L77 -> 2607714.9 | M60: =M58*(1+B7)^10 -> 2619133.4
A61: - Opp. Cost of Capacity | E61: =E98 -> 5151505 | G61: =G98 -> 0 | H61: =H98 -> 0 | J61: =-J98 -> -5414283.5
A62: - Chg in WC | B62: =C71 -> 598000 | C62: =D71 -> 658278.4 | D62: =E71 -> 723113.85 | E62: =F71 -> 792812.57 | F62: =G71 -> 867700.11 | G62: =H71 -> 183451.21 | H62: =I71 -> 192697.15 | I62: =J71 -> 202409.09 | ... L62: =M71 -> 93553.419 | M62: =L62*(1+B7) -> 94488.953
A63: + Terminal Value | L63: =M64/(B32-B7) -> 69407763
A64: After-tax Cashflow | B64: =B57+B58+B59-B60-B61-B62 -> -27598000 | C64: =C57+C58+C59-C60-C61-C62 -> -1444778.4 | D64: =D57+D58+D59-D60-D61-D62 -> -627139.15 | E64: =E57+E58+E59-E60-E61-E62 -> -4855232 | F64: =F57+F58+F59-F60-F61-F62 -> 1389925.3 | G64: =G57+G58+G59-G60-G61-G62 -> 3290165 | H64: =H57+H58+H59-H60-H61-H62 -> 3511778 | I64: =I57+I58+I59-I60-I61-I62 -> 3743752.3 | ... K64: =K57+K58+K59-K60-K61-K62 -> 4173163.8 | L64: =L57+L58+L59-L60-L61-L62+L63 -> 73988152 | M64: =M57+M58+M59-M60-M61-M62 -> 4752754.5
A66: Working Capital Worksheet
A67: Inventory | C67: =0.1*C49 -> 520000 | D67: =0.1*D49 -> 1092416 | E67: =0.1*E49 -> 1721210.6 | F67: =0.1*F49 -> 2410612.9 | G67: =0.1*G49 -> 3165134.7 | H67: =0.1*H49 -> 3324657.5 | I67: =0.1*I49 -> 3492220.3 | J67: =0.1*J49 -> 3668228.2 | ... M67: =0.1*M49 -> 4128654.2
A68: Accounts Rec | C68: =0.05*C48 -> 390000 | D68: =0.05*D48 -> 819312 | E68: =0.05*E48 -> 1290908 | F68: =0.05*F48 -> 1807959.7 | G68: =0.05*G48 -> 2373851 | H68: =0.05*H48 -> 2493493.1 | I68: =0.05*I48 -> 2619165.2 | J68: =0.05*J48 -> 2751171.1 | ... M68: =0.05*M48 -> 3096490.7
A69: - Acc Payable | C69: =0.06*C49 -> 312000 | D69: =0.06*D49 -> 655449.6 | E69: =0.06*E49 -> 1032726.4 | F69: =0.06*F49 -> 1446367.7 | G69: =0.06*G49 -> 1899080.8 | H69: =0.06*H49 -> 1994794.5 | I69: =0.06*I49 -> 2095332.2 | J69: =0.06*J49 -> 2200936.9 | ... M69: =0.06*M49 -> 2477192.5
A70: Working Capital | C70: =C67+C68-C69 -> 598000 | D70: =D67+D68-D69 -> 1256278.4 | E70: =E67+E68-E69 -> 1979392.2 | F70: =F67+F68-F69 -> 2772204.8 | G70: =G67+G68-G69 -> 3639904.9 | H70: =H67+H68-H69 -> 3823356.1 | I70: =I67+I68-I69 -> 4016053.3 | J70: =J67+J68-J69 -> 4218462.4 | ... M70: =M67+M68-M69 -> 4747952.4
A71: Chg in WC | C71: =C70-B70 -> 598000 | D71: =D70-C70 -> 658278.4 | E71: =E70-D70 -> 723113.85 | F71: =F70-E70 -> 792812.57 | G71: =G70-F70 -> 867700.11 | H71: =H70-G70 -> 183451.21 | I71: =I70-H70 -> 192697.15 | J71: =J70-I70 -> 202409.09 | ... M71: =M70-L70 -> 93553.419
A73: Capital Expenditure Worksheet
A74: Investment: Infrastructure | B74: ='Finite Life Analysis'!B74 -> 22000000 | C74: 0 | D74: 0
A75: Investment: Stores | B75: ='Finite Life Analysis'!B75 -> 5000000
A76: Capital Maintenance as % of depreciation | C76: =0.6*(1+$B$7)^C37 -> 0.606 | D76: =0.7*(1+$B$7)^D37 -> 0.71407 | E76: =0.8*(1+$B$7)^E37 -> 0.8242408 | F76: =0.9*(1+$B$7)^F37 -> 0.93654361 | G76: =1*(1+$B$7)^G37 -> 1.0510101 | H76: =1*(1+$B$7)^H37 -> 1.0615202 | I76: =1*(1+$B$7)^I37 -> 1.0721354 | J76: =1*(1+$B$7)^J37 -> 1.0828567 | K76: =1*(1+$B$7)^K37 -> 1.0936853 | L76: =1*(1+$B$7)^L37 -> 1.1046221
A77: Capital Maintenance | C77: =C76*C80 -> 1515000 | D77: =D76*D80 -> 1714839.1 | E77: =E76*E80 -> 1922816.9 | F77: =F76*F80 -> 2146400.8 | G77: =G76*G80 -> 2393453.7 | H77: =H76*H80 -> 2429719.3 | I77: =I76*I80 -> 2469113.7 | J77: =J76*J80 -> 2511794 | ... L77: =L76*L80 -> 2607714.9
A78: BV: Beg | C78: =B74+B75 -> 27000000 | D78: =C78-C80+C77 -> 26015000 | E78: =D78-D80+D77 -> 25328339 | F78: =E78-E80+E77 -> 24918322 | G78: =F78-F80+F77 -> 24772891 | H78: =G78-G80+G77 -> 24889055 | I78: =H78-H80+H77 -> 25029869 | J78: =I78-I80+I77 -> 25195996 | K78: =J78-J80+J77 -> 25388190 | L78: =K78-K80+K77 -> 25607303
A79: Depreciable BV | C79: =C78-2000000 -> 25000000 | D79: =C79+C77-C80 -> 24015000 | E79: =D79+D77-D80 -> 23328339 | F79: =E79+E77-E80 -> 22918322 | G79: =F79+F77-F80 -> 22772891 | H79: =G79+G77-G80 -> 22889055 | I79: =H79+H77-H80 -> 23029869 | J79: =I79+I77-I80 -> 23195996 | K79: =J79+J77-J80 -> 23388190 | L79: =K79+K77-K80 -> 23607303
A80: STL Deprecn | C80: =C79/10 -> 2500000 | D80: =D79/10 -> 2401500 | E80: =E79/10 -> 2332833.9 | F80: =F79/10 -> 2291832.2 | G80: =G79/10 -> 2277289.1 | H80: =H79/10 -> 2288905.5 | I80: =I79/10 -> 2302986.9 | J80: =J79/10 -> 2319599.6 | ... L80: =L79/10 -> 2360730.3
A81: BV: End | B81: =B74+B75 -> 27000000 | C81: =C78-C80 -> 24500000 | D81: =D78-D80 -> 23613500 | E81: =E78-E80 -> 22995505 | F81: =F78-F80 -> 22626490 | G81: =G78-G80 -> 22495602 | H81: =H78-H80 -> 22600150 | I81: =I78-I80 -> 22726882 | J81: =J78-J80 -> 22876396 | ... L81: =L78-L80 -> 23246573
A83: Allocated Expenses Worksheet
A84: Total Corporate G&A | B84: =F5 -> 10000000 | C84: =B84*(1+$G$5) -> 10500000 | D84: =C84*(1+$G$5) -> 11025000 | E84: =D84*(1+$G$5) -> 11576250 | F84: =E84*(1+$G$5) -> 12155062 | G84: =F84*(1+$G$5) -> 12762816 | H84: =G84*(1+$G$5) -> 13400956 | I84: =H84*(1+$G$5) -> 14071004 | J84: =I84*(1+$G$5) -> 14774554 | ... L84: =K84*(1+$G$5) -> 16288946
A85: Allocated Corporate G&A | C85: =C84*$H$5 -> 1050000 | D85: =D84*$H$5 -> 1102500 | E85: =E84*$H$5 -> 1157625 | F85: =F84*$H$5 -> 1215506.2 | G85: =G84*$H$5 -> 1276281.6 | H85: =H84*$H$5 -> 1340095.6 | I85: =I84*$H$5 -> 1407100.4 | J85: =J84*$H$5 -> 1477455.4 | ... L85: =L84*$H$5 -> 1628894.6
A86: Divisional G&A | C86: ='Finite Life Analysis'!C84 -> 500000 | D86: =C86*(D48/C48) -> 1050400 | E86: =D86*(E48/D48) -> 1655010.2 | F86: =E86*(F48/E48) -> 2317897 | G86: =F86*(G48/F48) -> 3043398.8 | H86: =G86*(H48/G48) -> 3196786.1 | I86: =H86*(I48/H48) -> 3357904.1 | J86: =I86*(J48/I48) -> 3527142.5 | K86: =J86*(K48/J48) -> 3704910.4 | L86: =K86*(L48/K48) -> 3891637.9
A88: Adverstising Expense Worksheet
A89: Without Apparel | B89: =F6 -> 8000000 | C89: =B89*1.05 -> 8400000 | D89: =C89*1.05 -> 8820000 | E89: =D89*1.05 -> 9261000 | F89: =E89*1.05 -> 9724050 | G89: =F89*1.05 -> 10210252 | H89: =G89*1.05 -> 10720765 | I89: =H89*1.05 -> 11256803 | J89: =I89*1.05 -> 11819644 | ... L89: =K89*1.05 -> 13031157
A90: With Apparel | B90: =B89 -> 8000000 | C90: =C89*1.15 -> 9660000 | D90: =D89*1.15 -> 10143000 | E90: =E89*1.15 -> 10650150 | F90: =F89*1.15 -> 11182658 | G90: =G89*1.15 -> 11741790 | H90: =H89*1.15 -> 12328880 | I90: =I89*1.15 -> 12945324 | J90: =J89*1.15 -> 13592590 | ... L90: =L89*1.15 -> 14985831
A91: Incremental Advertising cost | C91: =C90-C89 -> 1260000 | D91: =D90-D89 -> 1323000 | E91: =E90-E89 -> 1389150 | F91: =F90-F89 -> 1458607.5 | G91: =G90-G89 -> 1531537.9 | H91: =H90-H89 -> 1608114.8 | I91: =I90-I89 -> 1688520.5 | J91: =J90-J89 -> 1772946.5 | ... L91: =L90-L89 -> 1954673.6
A93: Distribution System Worksheet
A94: Capacity used by Devices | B94: ='Finite Life Analysis'!B92 -> 0.4 | C94: =B94*(1+$G$12) -> 0.448 | D94: =C94*(1+$G$12) -> 0.50176 | E94: =D94*(1+$G$12) -> 0.5619712 | F94: =E94*(1+$G$12) -> 0.62940774 | G94: =F94*(1+$G$12) -> 0.70493667 | H94: =G94*(1+$G$12) -> 0.78952907 | I94: =H94*(1+$G$12) -> 0.88427256 | J94: =I94*(1+$G$12) -> 0.99038527 | ... L94: =K94*(1+$G$12) -> 1.2423393
A95: Capacity used by GCar | C95: ='Finite Life Analysis'!C93 -> 0.104 | D95: ='Finite Life Analysis'!D93 -> 0.21632 | E95: ='Finite Life Analysis'!E93 -> 0.3374592 | F95: ='Finite Life Analysis'!F93 -> 0.46794342 | G95: ='Finite Life Analysis'!G93 -> 0.60832645 | H95: ='Finite Life Analysis'!H93 -> 0.63265951 | I95: ='Finite Life Analysis'!I93 -> 0.65796589 | J95: ='Finite Life Analysis'!J93 -> 0.68428453 | ... L95: ='Finite Life Analysis'!L93 -> 0.74012214
A96: Total capacity used | B96: =B94+B95 -> 0.4 | C96: =C94+C95 -> 0.552 | D96: =D94+D95 -> 0.71808 | E96: =E94+E95 -> 0.8994304 | F96: =F94+F95 -> 1.0973512 | G96: =G94+G95 -> 1.3132631 | H96: =H94+H95 -> 1.4221886 | I96: =I94+I95 -> 1.5422385 | ... L96: =L94+L95 -> 1.9824614
A98: Expansion Investment | E98: ='Finite Life Analysis'!E96 -> 5151505 | J98: ='Finite Life Analysis'!J96 -> 5414283.5
A99: Depreciation on Capacity expansion
A100: Depreciation on Expansion (STL: 20 year life; Salvage=0) | F100: =E98/20 -> 257575.25 | G100: =F100 -> 257575.25 | H100: =G100 -> 257575.25 | I100: =H100 -> 257575.25 | J100: =I100 -> 257575.25 | K100: ='Finite Life Analysis'!K98 -> -13138.926 | L100: ='Finite Life Analysis'!L98 -> -13138.926
A101: Remaining Balance on first expansion investment | F101: =E98-F100 -> 4893929.8 | G101: =F101-G100 -> 4636354.5 | H101: =G101-H100 -> 4378779.2 | I101: =H101-I100 -> 4121204 | J101: =I101-J100 -> 3863628.8 | K101: =J101-K100 -> 3876767.7 | L101: =K101-L100 -> 3889906.6
A102: Accounting Return Computation
A103: After-tax Operating Income | C103: =C57 -> -2559000 | D103: =D57 -> -1417561.2 | E103: =E57 -> -189150.21 | F103: =F57 -> 942989.12 | G103: =G57 -> 2374994.4 | H103: =H57 -> 2582642 | I103: =I57 -> 2799387.6 | J103: =J57 -> 3025735.1 | ... L103: =L57 -> 3712395
A104: Avge. BV of Investment | C104: =(C78+C81)/2+C101+(C70+D70)/2 -> 26677139 | D104: =(D78+D81)/2+0.2*D101+(D70+E70)/2 -> 26432085 | E104: =(E78+E81)/2+0.2*E101+(E70+F70)/2 -> 26537721 | F104: =(F78+F81)/2+0.2*F101+(F70+G70)/2 -> 27957247 | G104: =(G78+G81)/2+0.2*G101+(G70+H70)/2 -> 28293148 | H104: =(H78+H81)/2+0.2*H101+(H70+I70)/2 -> 28540063 | I104: =(I78+I81)/2+0.2*I101+(I70+J70)/2 -> 28819874 | J104: =(J78+J81)/2+0.2*J101+(J70+K70)/2 -> 29133689 | K104: =(K78+K81)/2+0.2*K101+(K70+L70)/2 -> 29536870 | L104: =(L78+L81)/2+(L70+0)/2 -> 26754137
A105: Return on Capital | C105: =C103/C104 -> -0.095924828 | D105: =D103/D104 -> -0.05363032 | E105: =E103/E104 -> -0.0071275982 | F105: =F103/F104 -> 0.033729685 | G105: =G103/G104 -> 0.083942389 | H105: =H103/H104 -> 0.090491811 | I105: =I103/I104 -> 0.097133927 | J105: =J103/J104 -> 0.10385692 | ... L105: =L103/L104 -> 0.13875966
A106: (I allocated 20% of the book value of distribution expansion to this project each year)
A107: Average ROC = | B107: =AVERAGE(C105:L105) -> 0.050855096
...

Sheet Beta
A1: Company | B1: Market Capitalization | C1: Cash & Equivalents | D1: Total Debt (including leases) | E1: Beta | F1: Firm Value | G1: Enterprise Value | H1: D/E Ratio | I1: Cash/Firm Value | J1: Unlevered Beta
A2: Tesla, Inc. (NasdaqGS:TSLA) | B2: 626976.3 | C2: 19384 | D2: 13337 | E2: 1.9 | F2: =B2+D2 -> 640313.3 | G2: =F2-C2 -> 620929.3 | H2: =D2/B2 -> 0.021271936 | I2: =C2/F2 -> 0.030272681 | J2: =(E2/(1+(1-0.4)*D2/B2))/(1-I2) -> 1.9346218
A3: Toyota Motor Corporation (TSE:7203) | B3: 205924.4 | C3: 84158.3 | D3: 232298.7 | E3: 1.04 | F3: =B3+D3 -> 438223.1 | G3: =F3-C3 -> 354064.8 | H3: =D3/B3 -> 1.1280776 | I3: =C3/F3 -> 0.19204442 | J3: =(E3/(1+(1-0.4)*D3/B3))/(1-I3) -> 0.76763105
A4: Volkswagen AG (XTRA:VOW3) | B4: 123308.3 | C4: 58506.4 | D4: 257853.2 | E4: 1.47 | F4: =B4+D4 -> 381161.5 | G4: =F4-C4 -> 322655.1 | H4: =D4/B4 -> 2.0911261 | I4: =C4/F4 -> 0.15349504 | J4: =(E4/(1+(1-0.4)*D4/B4))/(1-I4) -> 0.77020043
A5: Daimler AG (XTRA:DAI) | B5: 90942 | C5: 31203.7 | D5: 178400 | E5: 1.75 | F5: =B5+D5 -> 269342 | G5: =F5-C5 -> 238138.3 | H5: =D5/B5 -> 1.9616899 | I5: =C5/F5 -> 0.11585159 | J5: =(E5/(1+(1-0.4)*D5/B5))/(1-I5) -> 0.90918377
A6: BYD Company Limited (SEHK:1211) | B6: 82242.2 | C6: 1944.6 | D6: 8884.4 | E6: 1.1 | F6: =B6+D6 -> 91126.6 | G6: =F6-C6 -> 89182 | H6: =D6/B6 -> 0.10802727 | I6: =C6/F6 -> 0.021339543 | J6: =(E6/(1+(1-0.4)*D6/B6))/(1-I6) -> 1.0555673
A7: General Motors Company (NYSE:GM) | B7: 75892.9 | C7: 23938 | D7: 111072 | E7: 1.7 | F7: =B7+D7 -> 186964.9 | G7: =F7-C7 -> 163026.9 | H7: =D7/B7 -> 1.4635361 | I7: =C7/F7 -> 0.12803473 | J7: =(E7/(1+(1-0.4)*D7/B7))/(1-I7) -> 1.0380685
A8: NIO Limited (NYSE:NIO) | B8: 64896.5 | C8: 6490.9 | D8: 1444.6 | E8: 1.95 | F8: =B8+D8 -> 66341.1 | G8: =F8-C8 -> 59850.2 | H8: =D8/B8 -> 0.02226006 | I8: =C8/F8 -> 0.097841308 | J8: =(E8/(1+(1-0.4)*D8/B8))/(1-I8) -> 2.1329939
A9: Bayerische Motoren Werke Aktiengesellschaft (XTRA:BMW) | B9: 59446.2 | C9: 23432.4 | D9: 131608.7 | E9: 1.27 | F9: =B9+D9 -> 191054.9 | G9: =F9-C9 -> 167622.5 | H9: =D9/B9 -> 2.2139127 | I9: =C9/F9 -> 0.12264747 | J9: =(E9/(1+(1-0.4)*D9/B9))/(1-I9) -> 0.62170128
A10: Honda Motor Co., Ltd. (TSE:7267) | B10: 48992.6 | C10: 31251.9 | D10: 77335.2 | E10: 1.15 | F10: =B10+D10 -> 126327.8 | G10: =F10-C10 -> 95075.9 | H10: =D10/B10 -> 1.5785078 | I10: =C10/F10 -> 0.24738735 | J10: =(E10/(1+(1-0.4)*D10/B10))/(1-I10) -> 0.78476031
A11: Ford Motor Company (NYSE:F) | B11: 48420.7 | C11: 30752 | D11: 162998 | E11: 1.53 | F11: =B11+D11 -> 211418.7 | G11: =F11-C11 -> 180666.7 | H11: =D11/B11 -> 3.3662876 | I11: =C11/F11 -> 0.14545544 | J11: =(E11/(1+(1-0.4)*D11/B11))/(1-I11) -> 0.59290141
A12: Hyundai Motor Company (KOSE:A005380) | B12: 43992.7 | C12: 25838.1 | D12: 78733.9 | E12: 1.5 | F12: =B12+D12 -> 122726.6 | G12: =F12-C12 -> 96888.5 | H12: =D12/B12 -> 1.7897037 | I12: =C12/F12 -> 0.21053382 | J12: =(E12/(1+(1-0.4)*D12/B12))/(1-I12) -> 0.91619138
A13: SAIC Motor Corporation Limited (SHSE:600104) | B13: 37194.2 | C13: 27620.7 | D13: 21286 | E13: 0.94 | F13: =B13+D13 -> 58480.2 | G13: =F13-C13 -> 30859.5 | H13: =D13/B13 -> 0.57229353 | I13: =C13/F13 -> 0.47230858 | J13: =(E13/(1+(1-0.4)*D13/B13))/(1-I13) -> 1.3260204
... A64: Loncin Motor Co., Ltd. (SHSE:603766) | B64: 1111 | C64: 345.6 | D64: 167.1 | E64: 0.78 | F64: =B64+D64 -> 1278.1 | G64: =F64-C64 -> 932.5 | H64: =D64/B64 -> 0.15040504 | I64: =C64/F64 -> 0.27040138 | J64: =(E64/(1+(1-0.4)*D64/B64))/(1-I64) -> 0.98058959
A65: Sum | B65: =SUM(B2:B64) -> 2002071 | C65: =SUM(C2:C64) -> 532862.5 | D65: =SUM(D2:D64) -> 1562458.8 | F65: =SUM(F2:F64) -> 3564529.8 | G65: =SUM(G2:G64) -> 3031667.3
A67: Aggregate | H67: =D65/B65 -> 0.78042129 | I67: =C65/F65 -> 0.14949026
A68: Average | E68: =AVERAGE(E2:E64) -> 1.235127 | H68: =AVERAGE(H2:H64) -> 0.77326194 | I68: =AVERAGE(I2:I64) -> 0.20278904 | J68: =AVERAGE(J2:J64) -> 1.113019
A69: Median | E69: =MEDIAN(E2:E64) -> 1.14 | H69: =MEDIAN(H2:H64) -> 0.35554152 | I69: =MEDIAN(I2:I64) -> 0.13544474 | J69: =MEDIAN(J2:J64) -> 1.0587266
A72: Levered beta for sector = | B72: =E69 -> 1.14
A73: D/E Ratio for sector = | B73: =H69 -> 0.35554152
A74: Unlevered beta for sector = | B74: =B72/(1+(1-0.25)*B73) -> 0.90000748
A75: Cash/ Firm Value = | B75: =I69 -> 0.13544474
A76: Unlevered beta corrected for cash | B76: =B74/(1-B75) -> 1.0410063

Sheet ROIC
B2: 1 | C2: =B2+1 -> 2 | D2: =C2+1 -> 3 | E2: =D2+1 -> 4 | F2: =E2+1 -> 5 | G2: =F2+1 -> 6 | H2: =G2+1 -> 7 | I2: =H2+1 -> 8 | J2: =I2+1 -> 9 | K2: =J2+1 -> 10 | L2: Average | M2: Aggregate
A3: After-tax Operating Income | B3: ='Finite Life Analysis'!C57 -> -2559000 | C3: ='Finite Life Analysis'!D57 -> -1491436.2 | D3: ='Finite Life Analysis'!E57 -> -314524.78 | E3: ='Finite Life Analysis'!F57 -> 786863.28 | F3: ='Finite Life Analysis'!G57 -> 2207961.2 | G3: ='Finite Life Analysis'!H57 -> 2424321.1 | H3: ='Finite Life Analysis'!I57 -> 2651627.7 | I3: ='Finite Life Analysis'!J57 -> 2890434.8 | ... K3: ='Finite Life Analysis'!L57 -> 3607942.8 | M3: =SUM(B3:K3) -> 13548550
A4: After-tax Incremental Operating Income | B4: =ROIC!B3+'Finite Life Analysis'!C59 -> -1771500 | C4: =ROIC!C3+'Finite Life Analysis'!D59 -> -664561.2 | D4: =ROIC!D3+'Finite Life Analysis'!E59 -> 553693.97 | E4: =ROIC!E3+'Finite Life Analysis'!F59 -> 1698493 | F4: =ROIC!F3+'Finite Life Analysis'!G59 -> 3165172.4 | G4: =ROIC!G3+'Finite Life Analysis'!H59 -> 3429392.9 | H4: =ROIC!H3+'Finite Life Analysis'!I59 -> 3706953.1 | I4: =ROIC!I3+'Finite Life Analysis'!J59 -> 3998526.4 | ... K4: =ROIC!K3+'Finite Life Analysis'!L59 -> 4829613.7 | M4: =SUM(B4:K4) -> 23453640
A5: After-tax Operating Income with Synergy | B5: =B3+'Finite Life Analysis'!C112 -> -2359000 | C5: =C3+'Finite Life Analysis'!D112 -> -1289436.2 | D5: =D3+'Finite Life Analysis'!E112 -> -110504.78 | E5: =E3+'Finite Life Analysis'!F112 -> 992923.48 | F5: =F3+'Finite Life Analysis'!G112 -> 2416082 | G5: =G3+'Finite Life Analysis'!H112 -> 2634523.2 | H5: =H3+'Finite Life Analysis'!I112 -> 2863931.8 | I5: =I3+'Finite Life Analysis'!J112 -> 3104861.9 | ... K5: =K3+'Finite Life Analysis'!L112 -> 3826679.8 | M5: =SUM(B5:K5) -> 15640992
A6: After-tax Incremental Operating Income with Synergy | B6: =B4+'Finite Life Analysis'!C112 -> -1571500 | C6: =C4+'Finite Life Analysis'!D112 -> -462561.2 | D6: =D4+'Finite Life Analysis'!E112 -> 757713.97 | E6: =E4+'Finite Life Analysis'!F112 -> 1904553.2 | F6: =F4+'Finite Life Analysis'!G112 -> 3373293.2 | G6: =G4+'Finite Life Analysis'!H112 -> 3639594.9 | H6: =H4+'Finite Life Analysis'!I112 -> 3919257.1 | I6: =I4+'Finite Life Analysis'!J112 -> 4212953.5 | ... K6: =K4+'Finite Life Analysis'!L112 -> 5048350.8 | M6: =SUM(B6:K6) -> 25546083
A8: BV of Fixed Assets (start of year) | B8: ='Finite Life Analysis'!B79 -> 27000000 | C8: ='Finite Life Analysis'!C79 -> 24500000 | D8: ='Finite Life Analysis'!D79 -> 22000000 | E8: ='Finite Life Analysis'!E79 -> 19500000 | F8: ='Finite Life Analysis'!F79 -> 17000000 | G8: ='Finite Life Analysis'!G79 -> 14500000 | H8: ='Finite Life Analysis'!H79 -> 12000000 | I8: ='Finite Life Analysis'!I79 -> 9500000 | ... K8: ='Finite Life Analysis'!K79 -> 4500000 | M8: =SUM(B8:K8) -> 157500000
A9: BV of Working Capital (start of year) | B9: ='Finite Life Analysis'!C70 -> 598000 | C9: ='Finite Life Analysis'!D70 -> 1256278.4 | D9: ='Finite Life Analysis'!E70 -> 1979392.2 | E9: ='Finite Life Analysis'!F70 -> 2772204.8 | F9: ='Finite Life Analysis'!G70 -> 3639904.9 | G9: ='Finite Life Analysis'!H70 -> 3823356.1 | H9: ='Finite Life Analysis'!I70 -> 4016053.3 | I9: ='Finite Life Analysis'!J70 -> 4218462.4 | ... K9: ='Finite Life Analysis'!L70 -> 4654399 | M9: =SUM(B9:K9) -> 31389124
A10: BV of Capacity Expansion | B10: ='Finite Life Analysis'!B99 -> 0 | C10: ='Finite Life Analysis'!C99 -> 0 | D10: ='Finite Life Analysis'!D99 -> 0 | E10: ='Finite Life Analysis'!E96 -> 5151505 | F10: ='Finite Life Analysis'!F99 -> 4893929.8 | G10: ='Finite Life Analysis'!G99 -> 4636354.5 | H10: ='Finite Life Analysis'!H99 -> 4378779.2 | I10: ='Finite Life Analysis'!I99 -> 4121204 | J10: ='Finite Life Analysis'!J99 -> 3863628.8 | K10: ='Finite Life Analysis'!K99 -> 3876767.7 | M10: =SUM(B10:K10) -> 30922169
A11: Invested Capital | B11: =B8+B9+B10 -> 27598000 | C11: =C8+C9+C10 -> 25756278 | D11: =D8+D9+D10 -> 23979392 | E11: =E8+E9+E10 -> 27423710 | F11: =F8+F9+F10 -> 25533835 | G11: =G8+G9+G10 -> 22959711 | H11: =H8+H9+H10 -> 20394833 | I11: =I8+I9+I10 -> 17839666 | ... K11: =K8+K9+K10 -> 13031167 | M11: =SUM(B11:K11) -> 2.1981129e+08
A13: ROIC (no synergy) | B13: =B3/B11 -> -0.09272411 | C13: =C3/C11 -> -0.057905734 | D13: =D3/D11 -> -0.013116462 | E13: =E3/E11 -> 0.028692809 | F13: =F3/F11 -> 0.086471979 | G13: =G3/G11 -> 0.10559023 | H13: =H3/H11 -> 0.13001469 | I13: =I3/I11 -> 0.16202292 | ... K13: =K3/K11 -> 0.27687028 | L13: =AVERAGE(B13:K13) -> 0.084457793 | M13: =M3/M11 -> 0.061637187
A14: Incremental ROIC (no synergy) | B14: =B4/B11 -> -0.064189434 | C14: =C4/C11 -> -0.025801911 | D14: =D4/D11 -> 0.023090409 | E14: =E4/E11 -> 0.0619352 | F14: =F4/F11 -> 0.12395993 | G14: =G4/G11 -> 0.14936568 | H14: =H4/H11 -> 0.18175943 | I14: =I4/I11 -> 0.22413684 | ... K14: =K4/K11 -> 0.37062021 | L14: =AVERAGE(B14:K14) -> 0.13396095 | M14: =M4/M11 -> 0.10669898
A15: ROIC (with synergy) | B15: =B5/B11 -> -0.085477208 | C15: =C5/C11 -> -0.050062986 | D15: =D5/D11 -> -0.0046083227 | E15: =E5/E11 -> 0.036206753 | F15: =F5/F11 -> 0.094622764 | G15: =G5/G11 -> 0.11474549 | H15: =H5/H11 -> 0.14042438 | I15: =I5/I11 -> 0.1740426 | ... K15: =K5/K11 -> 0.29365597 | L15: =AVERAGE(B15:K15) -> 0.094637066 | M15: =M5/M11 -> 0.071156455
A16: ROIC (no synergy) | B16: =B6/B11 -> -0.056942532 | C16: =C6/C11 -> -0.017959163 | D16: =D6/D11 -> 0.031598548 | E16: =E6/E11 -> 0.069449144 | F16: =F6/F11 -> 0.13211072 | G16: =G6/G11 -> 0.15852094 | H16: =H6/H11 -> 0.19216912 | I16: =I6/I11 -> 0.23615652 | ... K16: =K6/K11 -> 0.3874059 | L16: =AVERAGE(B16:K16) -> 0.14414023 | M16: =M6/M11 -> 0.11621824

Sheet Sensitivity to price & costs
B2: 0.3 | C2: 0.35 | D2: 0.4 | E2: 0.45 | F2: 0.5
A3: 900 | B3: 279 | C3: 45 | D3: -383 | E3: -421 | F3: -652
A4: 950 | B4: 431 | C4: 185 | D4: -183 | E4: -306 | F4: -551
A5: 1000 | B5: 583 | C5: 325 | D5: 67 | E5: -191 | F5: -450
A6: 1050 | B6: 735 | C6: 565 | D6: 267 | E6: -76 | F6: -349
A7: 1100 | B7: 887 | C7: 705 | D7: 467 | E7: 39 | F7: -248

Sheet Operating Leases
A1: Operating Lease Converter
A2: Operating lease expenses are really financial expenses, and should be treated as such. Accounting standards allow them to
A3: be treated as operating expenses. This program will convert commitments to make operating leases into debt and
A4: adjust the operating income accordingly, by adding back the imputed interest expense on this debt.
A6: Inputs
A7: Operating lease expense in current year = | E7: 2004
A8: Operating Lease Commitments (From footnote to financials)
A9: Year | B9: Commitment | C9: ! Year 1 is next year, ….
A10: 1 | B10: 2198
A11: 2 | B11: 2170
A12: 3 | B12: 1995
A13: 4 | B13: 1738
A14: 5 | B14: 1389
A15: 6 and beyond | B15: 5601
A17: Pre-tax Cost of Debt = | C17: ='Finite Life Analysis'!B16 -> 0.021
A19: Output
A20: Number of years embedded in yr 6 estimate = | D20: =INT(B15/AVERAGE(B10:B14)) -> 2 | E20: ! I use the average lease expense over the first five years
E21: to estimate the number of years of expenses in yr 6
A22: Converting Operating Leases into debt
A23: Year | B23: Commitment | C23: Present Value
A24: =A10 -> 1 | B24: =B10 -> 2198 | C24: =B24/(1+$C$17)^A24 -> 2152.7914
A25: =A11 -> 2 | B25: =B11 -> 2170 | C25: =B25/(1+$C$17)^A25 -> 2081.6526
A26: =A12 -> 3 | B26: =B12 -> 1995 | C26: =B26/(1+$C$17)^A26 -> 1874.4147
A27: =A13 -> 4 | B27: =B13 -> 1738 | C27: =B27/(1+$C$17)^A27 -> 1599.3621
A28: =A14 -> 5 | B28: =B14 -> 1389 | C28: =B28/(1+$C$17)^A28 -> 1251.9112
A29: =A15 -> 6 and beyond | B29: =IF(B15>0,IF(D20>1,B15/D20,B15),0) -> 2800.5 | C29: =IF(D20>0,(B29*(1-(1+C17)^(-D20))/C17)/(1+$C$17)^5,B29/(1+C17)^6) -> 4893.5237 | D29: ! Commitment beyond year 6 converted into an annuity for ten years
A30: Debt Value of leases = | C30: =SUM(C24:C29) -> 13853.656

Sheet ERP calculation
A1: Region | B1: % of Revenues | C1: Country Risk Premium | D1: Total Equity Risk Premium (Weighted Average) | E1: Weight * Premium
A2: Africa | B2: 0.02 | C2: 0.0492 | D2: ='Finite Life Analysis'!$B$28+C2 -> 0.0992 | E2: =B2*D2 -> 0.001984
A3: Asia | B3: 0.3 | C3: 0.0103 | D3: ='Finite Life Analysis'!$B$28+C3 -> 0.0603 | E3: =B3*D3 -> 0.01809
A4: Australia & New Zealand | B4: 0.08 | C4: 0 | D4: ='Finite Life Analysis'!$B$28+C4 -> 0.05 | E4: =B4*D4 -> 0.004
A5: Central and South America | B5: 0.1 | C5: 0.0399 | D5: ='Finite Life Analysis'!$B$28+C5 -> 0.0899 | E5: =B5*D5 -> 0.00899
A6: Eastern Europe & Russia | B6: 0.05 | C6: 0.0208 | D6: ='Finite Life Analysis'!$B$28+C6 -> 0.0708 | E6: =B6*D6 -> 0.00354
A7: Middle East | B7: 0.05 | C7: 0.0153 | D7: ='Finite Life Analysis'!$B$28+C7 -> 0.0653 | E7: =B7*D7 -> 0.003265
A8: North America | B8: 0.25 | C8: 0 | D8: ='Finite Life Analysis'!$B$28+C8 -> 0.05 | E8: =B8*D8 -> 0.0125
A9: Western Europe | B9: 0.15 | C9: 0.0084 | D9: ='Finite Life Analysis'!$B$28+C9 -> 0.0584 | E9: =B9*D9 -> 0.00876
B10: =SUM(B2:B9) -> 1 | E10: =SUM(E2:E9) -> 0.061129

Sheet ROIC calculations
A1: Year | B1: AT Operating Income | C1: Invested Capital | D1: Return on Capital
A2: 1 | B2: ='Finite Life Analysis'!C101+'Finite Life Analysis'!C112 -> -2359000
A3: 2 | B3: ='Finite Life Analysis'!D101+'Finite Life Analysis'!D112 -> -1289436.2
A4: 3 | B4: ='Finite Life Analysis'!E101+'Finite Life Analysis'!E112 -> -110504.78
A5: 4 | B5: ='Finite Life Analysis'!F101+'Finite Life Analysis'!F112 -> 992923.48
A6: 5 | B6: ='Finite Life Analysis'!G101+'Finite Life Analysis'!G112 -> 2416082
A7: 6 | B7: ='Finite Life Analysis'!H101+'Finite Life Analysis'!H112 -> 2634523.2
A8: 7 | B8: ='Finite Life Analysis'!I101+'Finite Life Analysis'!I112 -> 2863931.8
A9: 8 | B9: ='Finite Life Analysis'!J101+'Finite Life Analysis'!J112 -> 3104861.9
A10: 9 | B10: ='Finite Life Analysis'!K101+'Finite Life Analysis'!K112 -> 3560931.2
A11: 10 | B11: ='Finite Life Analysis'!L101+'Finite Life Analysis'!L112 -> 3826679.8

Sheet Finite vs Infinite
A1: Year | B1: Finite | C1: Longer Life | D1: Trade Off Cashflow
A2: 0 | B2: ='Finite Life Analysis'!B64 -> -27598000 | C2: ='Longer Life Analysis'!B64 -> -27598000 | D2: =C2-B2 -> 0
A3: 1 | B3: ='Finite Life Analysis'!C64 -> 70221.6 | C3: ='Longer Life Analysis'!C64 -> -1444778.4 | D3: =C3-B3 -> -1515000
A4: 2 | B4: ='Finite Life Analysis'!D64 -> 1112325 | C4: ='Longer Life Analysis'!D64 -> -627139.15 | D4: =C4-B4 -> -1739464.1
A5: 3 | B5: ='Finite Life Analysis'!E64 -> -2890623.6 | C5: ='Longer Life Analysis'!E64 -> -4855232 | D5: =C5-B5 -> -1964608.4
A6: 4 | B6: ='Finite Life Analysis'!F64 -> 3588368.1 | C6: ='Longer Life Analysis'!F64 -> 1389925.3 | D6: =C6-B6 -> -2198442.8
A7: 5 | B7: ='Finite Life Analysis'!G64 -> 5739296.4 | C7: ='Longer Life Analysis'!G64 -> 3290165 | D7: =C7-B7 -> -2449131.4
A8: 6 | B8: ='Finite Life Analysis'!H64 -> 5994271 | C8: ='Longer Life Analysis'!H64 -> 3511778 | D8: =C8-B8 -> -2482493
A9: 7 | B9: ='Finite Life Analysis'!I64 -> 6262119.2 | C9: ='Longer Life Analysis'!I64 -> 3743752.3 | D9: =C9-B9 -> -2518367
A10: 8 | B10: ='Finite Life Analysis'!J64 -> 11957775 | C10: ='Longer Life Analysis'!J64 -> 9400880.6 | D10: =C10-B10 -> -2556894.1
A11: 9 | B11: ='Finite Life Analysis'!K64 -> 6771391 | C11: ='Longer Life Analysis'!K64 -> 4173163.8 | D11: =C11-B11 -> -2598227.2
A12: 10 | B12: ='Finite Life Analysis'!L64 -> 13970874 | C12: ='Longer Life Analysis'!L64 -> 73988152 | D12: =C12-B12 -> 60017278

Sheet Sheet10

Sheet Sheet11

Sheet Sheet12

Sheet Sheet13

Sheet Sheet14

Sheet Sheet15

Sheet Sheet16
